 Dungeon Crawl Stone Soup version 0.23.2-1-ga50397a (webtiles) character file.

Game seed: 11410839957994638739

7415 Borgoz the Cruncher (level 11, -8/69 HPs)
             Began as a Gargoyle Gladiator on May 15, 2019.
             Was an Initiate of Ashenzari.
             Mangled by Psyche
             ... wielding a +3 dagger of distortion
              (19 damage)
             ... on level 9 of the Dungeon.
             The game lasted 00:13:31 (7561 turns).

Borgoz the Cruncher (Gargoyle Gladiator)            Turns: 7561, Time: 00:13:32

Health: -8/69      AC: 23    Str: 21    XL:     11   Next: 14%
Magic:  13/13      EV: 11    Int:  8    God:    Ashenzari [......]
Gold:   462        SH:  0    Dex: 14    Spells: 5/10 levels left

rFire    . . .     SeeInvis .   a - +0 quarterstaff (freeze)
rCold    . . .     Gourm    .   (shield currently unavailable)
rNeg     + . .     Faith    .   q - +0 chain mail
rPois    ∞         Spirit   .   s - +2 hat
rElec    +         Reflect  .   w - +0 cloak
rCorr    .         Harm     .   h - +0 pair of gloves
MR       .....                  (no boots)
Stlth    ..........             (no amulet)
HPRegen  0.21/turn              o - +2 ring of strength
MPRegen  0.13/turn              (no ring)

@: hasted, very quick
A: negative energy resistance 1, electricity resistance, unbreathing,
petrification resistance, rot immunity, AC +8
a: Curse Item, Renounce Religion


You were on level 9 of the Dungeon.
You worshipped Ashenzari.
Ashenzari was noncommittal.
You were very hungry.

You visited 2 branches of the dungeon, and saw 10 of its levels.

You collected 462 gold pieces.

Inventory:

Hand Weapons
 a - a +0 quarterstaff of freezing (weapon)
Missiles
 d - 6 throwing nets (quivered)
Armour
 e - the +1 helmet of the Dungeon {rElec rF- Str+4}
   (You found it on level 8 of the Dungeon)

   It affects your strength (+4).
   It makes you vulnerable to fire.
   It insulates you from electricity.
 h - a +0 pair of gloves (worn)
 q - a +0 chain mail (worn)
 s - a +2 hat (worn)
 w - a +0 cloak (worn)
Jewellery
 l - an uncursed ring of fire
 o - a +2 ring of strength (left hand)
Wands
 j - a wand of iceblast (25)
 t - a wand of polymorph (5)
Scrolls
 b - 4 scrolls of blinking
 c - a scroll of amnesia
 g - 2 scrolls of enchant armour
 k - a scroll of remove curse
 p - 2 scrolls of fear
 v - a scroll of teleportation
Potions
 i - 2 potions of curing
 m - a potion of mutation
Comestibles
 f - 20 rations
 r - 2 chunks of flesh


   Skills:
 * Level 8.6 Fighting
 * Level 10.0 Staves
 - Level 1.9 Throwing
 * Level 8.1 Armour
 * Level 6.8 Dodging
 + Level 3.9 Stealth
 + Level 2.9 Evocations


You had 5 spell levels left.
You knew the following spells:

 Your Spells              Type           Power        Failure   Level  Hunger
a - Blink                 Tloc           N/A          99%         2    ###....
b - Mephitic Cloud        Conj/Pois/Air  #.......     100%        3    ####...

Your spell library contained the following spells:

 Spells                   Type           Power        Failure   Level  Hunger
 Animate Skeleton         Necr           N/A          97%         1    ##.....
 Magic Dart               Conj           #...         97%         1    ##.....
 Pain                     Necr           #...         97%         1    ##.....
 Call Imp                 Summ           #.......     99%         2    ###....
 Slow                     Hex            #.......     99%         2    ###....
 Conjure Flame            Conj/Fire      #.......     100%        3    ####...
 Regeneration             Chrm/Necr      #.........   100%        3    ####...
 Vampiric Draining        Necr           #.........   100%        3    ####...
 Animate Dead             Necr           N/A          100%        4    #####..


Dungeon Overview and Level Annotations

Branches:
Dungeon (9/15)             Temple (1/1) D:4
   Lair: D:8-11         Orc: D:9-12

Altars:
Ashenzari
Cheibriados
Dithmenos
Elyvilon
Fedhas
Gozag
Hepliaklqana
Kikubaaqudgha
Makhleb
Okawaru
Qazlal
Ru
Sif Muna
Trog
Uskayaw
Vehumet
Wu Jian
Xom
Yredelemnul
Zin
The Shining One
Beogh

Shops:
D:5 [%[(

Annotations:
D:9 Psyche


Innate Abilities, Weirdness & Mutations

You are resistant to torment.
Your stone body is resilient. (AC +8)
You are immune to poison.
You resist negative energy. (rN+)
You are resistant to electric shocks. (rElec)
You can survive without breathing.
You are immune to petrification.
You are immune to rotting.


Message History

Okay, then.
You sock the hungry ghost!
The hungry ghost is moderately damaged.
The hungry ghost closely misses you.
You sock the hungry ghost! You freeze the hungry ghost.
The hungry ghost is heavily damaged.
Something hits you but does no damage. Space warps horribly around you!!
* * * LOW HITPOINT WARNING * * *
The hungry ghost hits you.
* * * LOW HITPOINT WARNING * * *
You are feeling very hungry.
Something hits you but does no damage.
You blink.
Found 6 gold pieces.
You hear some strange, mumbled words.
A magic dart appears from out of thin air!
The magic dart hits you but does no damage.
Something hits you but does no damage.
You feel yourself speed up. Something hits you but does no damage.
Space warps horribly around you!!
You die...

.# ###.###.# .##
........# ..#
.##.....# ..#
#.##..###+###.#
..#
#.......†.....##
......
#.##..%##.###...
.####.
##.##..W......
.#
.......{###.##.#
.# ###..@......#
.# #..#.####..#
#...## ...# #...
...# #..# ##
...$ ###. #.


You could see a hungry ghost.

Vanquished Creatures
  Harold (D:8)
  A hydra (D:8)
  A two-headed ogre (D:9)
  The ghost of doot the Zephyrmancer, a novice TeAE of Vehumet (D:7)
  Pikel (D:7)
  An ugly thing (D:8)
  Maurice (D:8)
  Prince Ribbit (D:8)
  Menkaure (D:5)
  The ghost of GuyDeFluk the Sneak, an amateur SpEn (D:3)
  4 slaves (D:7)
  A hornet zombie (D:7)
  3 sky beasts
  A black bear (D:8)
  3 necrophages
  An ice beast (D:7)
  2 phantoms
  A centaur (D:5)
  2 ogres (D:7)
  Blork the orc (D:4)
  8 bullfrogs
  A scorpion (D:4)
  6 killer bees
  5 howler monkeys
  A crimson imp (D:6)
  2 centaur zombies
  5 hounds
  A centaur skeleton (D:8)
  A bullfrog zombie (D:7)
  A jelly (D:9)
  3 orc priests (D:5)
  3 iguanas (D:5)
  Terence (D:3)
  2 orc wizards (D:8)
  4 worker ants
  Natasha (thrice) (D:4)
  4 hound skeletons
  A hound zombie (D:6)
  2 worker ant zombies
  A howler monkey skeleton (D:6)
  12 adders
  A shadow imp (D:7)
  2 adder skeletons
  4 worms
  4 dart slugs
  8 leopard geckos
  19 orcs
  10 bats
  4 giant cockroaches
  5 goblins
  5 hobgoblins
  11 jackals
  A kobold (D:3)
  7 quokkas
  A ball python (D:1)
  4 frilled lizards
  A leopard gecko skeleton (D:5)
  4 rats
187 creatures vanquished.

Vanquished Creatures (others)
  2 withered plants (D:7)
2 creatures vanquished.

Grand Total: 189 creatures vanquished

Notes
Turn   | Place    | Note
-------+----------+-------------------------------------------
     0 | D:1      | Borgoz the Gargoyle Gladiator began the quest for the Orb.
     0 | D:1      | Reached XP level 1. HP: 12/12 MP: 1/1
     1 | D:1      | Noticed an electric eel
   153 | D:1      | Reached XP level 2. HP: 18/18 MP: 2/2
   689 | D:1      | Reached XP level 3. HP: 20/22 MP: 3/3
   849 | D:2      | Reached skill level 1 in Armour
   939 | D:2      | Found a hazy altar of Hepliaklqana.
   942 | D:2      | Found a glowing golden altar of the Shining One.
  1101 | D:2      | Reached XP level 4. HP: 25/27 MP: 4/4
  1181 | D:2      | Found a hide-covered altar of Uskayaw.
  1496 | D:3      | Reached skill level 4 in Staves
  1506 | D:3      | Learned a level 2 spell: Blink
  1679 | D:3      | Noticed Terence
  1689 | D:3      | Killed Terence
  1689 | D:3      | Reached XP level 5. HP: 27/32 MP: 5/5
  1758 | D:3      | Found a burning altar of Makhleb.
  1818 | D:3      | Found a runed translucent gate.
  1818 | D:3      | Noticed GuyDeFluk's ghost (amateur SpEn)
  1848 | D:3      | Found a runed translucent gate.
  1850 | D:3      | Found a runed translucent gate.
  1854 | D:3      | Found a roughly hewn altar of Beogh.
  2209 | D:4      | Noticed Natasha
  2217 | D:4      | Killed Natasha
  2303 | D:4      | Noticed Natasha
  2314 | D:4      | Killed Natasha
  2323 | D:4      | Noticed Natasha
  2329 | D:4      | Killed Natasha
  2436 | D:4      | Reached XP level 6. HP: 27/37 MP: 6/6
  2514 | D:4      | Found a staircase to the Ecumenical Temple.
  2659 | D:5      | Entered Level 5 of the Dungeon
  2670 | D:5      | Reached skill level 5 in Staves
  2672 | D:5      | Noticed Blork the orc
  2704 | D:4      | Killed Blork the orc
  2704 | D:4      | Reached XP level 7. HP: 13/43 MP: 7/7
  3159 | D:5      | Found Vaitzu's Weapon Shoppe.
  3410 | D:5      | Reached skill level 6 in Staves
  3428 | D:5      | Noticed Menkaure
  3450 | D:5      | Killed Menkaure
  3450 | D:5      | Reached XP level 8. HP: 23/48 MP: 8/8
  3640 | D:5      | Found Yqiun's Antique Armour Shop.
  3711 | D:5      | Found Cyazomo's Food Shoppe.
  3735 | D:5      | Reached skill level 5 in Fighting
  3901 | D:5      | Found Feteheak's Antique Armour Shop.
  3996 | D:6      | Reached skill level 7 in Staves
  4090 | D:6      | Learned a level 3 spell: Mephitic Cloud
  4150 | D:6      | Found a burning altar of Makhleb.
  4157 | D:6      | Reached skill level 5 in Armour
  4318 | D:6      | Reached XP level 9. HP: 54/55 MP: 9/9
  4613 | D:3      | Killed GuyDeFluk's ghost
  4722 | Temple   | Entered the Ecumenical Temple
  4733 | Temple   | Became a worshipper of Ashenzari the Shackled
  4916 | D:7      | Reached skill level 8 in Staves
  4916 | D:7      | Reached skill level 5 in Dodging
  4932 | D:7      | Found a runed translucent door.
  4986 | D:7      | Noticed doot's ghost (novice TeAE)
  4997 | D:7      | Found a bloodstained altar of Trog.
  5793 | D:7      | Noticed Pikel
  5847 | D:7      | Killed Pikel
  5847 | D:7      | Reached skill level 1 in Stealth
  6205 | D:7      | Reached skill level 9 in Staves
  6205 | D:7      | Reached skill level 1 in Evocations
  6205 | D:7      | Reached XP level 10. HP: 62/63 MP: 10/10
  6321 | D:7      | Killed doot's ghost
  6361 | D:8      | Noticed an eight-headed hydra
  6378 | D:8      | Killed an eight-headed hydra
  6667 | D:8      | Noticed Harold
  6695 | D:8      | Killed Harold
  6822 | D:8      | Noticed Maurice
  6858 | D:8      | Killed Maurice
  6927 | D:8      | Got the uncursed helmet of the Dungeon {rElec rF- Str+4}
  7182 | D:8      | Noticed a green ugly thing
  7182 | D:8      | Noticed Prince Ribbit
  7200 | D:8      | Killed a green ugly thing
  7200 | D:8      | Reached XP level 11. HP: 69/69 MP: 12/12
  7203 | D:8      | Killed Prince Ribbit
  7481 | D:9      | Noticed a two-headed ogre
  7488 | D:9      | Killed a two-headed ogre
  7488 | D:9      | Reached skill level 10 in Staves
  7533 | D:9      | Noticed Psyche
  7561 | D:9      | Mangled by Psyche

Skill      XL: |  1  2  3  4  5  6  7  8  9 10 11 |
---------------+----------------------------------+-----
Armour         | 1 2 3 4 5 6 7 8 |  8.1
Fighting       | 3 4 5 7 8 |  8.6
Staves         | 4 5 6 7 9 10 | 10.0
Dodging        | 3 4 5 6 |  6.8
Stealth        | 1 3 |  3.9
Evocations     | 1 2 |  2.9
Throwing       | |  1.9

Action                   |  1- 3 |  4- 6 |  7- 9 | 10-12 || total
-------------------------+-------+-------+-------+-------++-------
Melee: Quarterstaff      |    93 |   181 |   447 |   195 ||   916
Throw: Throwing net      |       |       |       |     2 ||     2
  Use: Scroll            |       |    10 |     5 |     2 ||    17
       Potion            |       |       |     4 |     3 ||     7
 Stab: Invisible         |       |       |     3 |       ||     3
       Held in net/web   |       |       |       |     4 ||     4
  Eat: Chunk             |     1 |     5 |    12 |     7 ||    25
Armor: Leather armour    |    22 |       |       |       ||    22
       Scale mail        |    20 |   119 |    29 |       ||   168
       Chain mail        |       |       |   284 |    96 ||   380
       Skin              |       |       |       |     8 ||     8
Dodge: Dodged            |    75 |   119 |   320 |    79 ||   593
